R - U22
HOLLYWOOD SPOONBILLS @ CHANDLER RANCHERS
07/09/2053
 
TOP OF THE 1ST
Boca Raton Buccaneers batting - Pitching for Buckeye Quahogs : RHP Dwight Parks
Pitching: RHP Dwight Parks
Batting: RHB Kyler Wynn 0-0: SINGLE (Groundball, 34D, EV 94.4 MPH)
Batting: LHB Scott Andrade 0-0: Foul Ball, location: 2F
0-1: Swinging Strike
0-2: Ball
1-2: Strikes out swinging
Batting: LHB Freddy McDonal 0-0: Foul Ball, location: 7LDF
0-1: Ball
1-1: Swinging Strike
1-2: Foul Ball, location: 7LSF
1-2: Strikes out swinging
Batting: RHB Artis Silas 0-0: Called Strike
Kyler Wynn steals 2nd base
0-1: Foul Ball, location: 5FF
0-2: Strikes out looking
Top of the 1st over - 0 runs, 1 hit, 0 errors, 1 left on base; Boca Raton 0 - Buckeye 0
BOTTOM OF THE 1ST
Buckeye Quahogs batting - Pitching for Boca Raton Buccaneers : LHP Jacob Gwynn
Pitching: LHP Jacob Gwynn
Batting: RHB Johnny Spitz 0-0: Ball
1-0: Hit by Pitch
Batting: RHB Tim Gary 0-0: Bunt missed!
0-1: Bunted foul
0-2: Fly out, F9 (Line Drive, 9, EV 95.0 MPH)
Batting: RHB Heiichi Kida 0-0: Called Strike
0-1: Called Strike
0-2: SINGLE (Line Drive, 4D, EV 96.9 MPH)
Johnny Spitz to second
Runner from 2nd tries for 3rd, SAFE, no throw by RF
Batting: RHB Owen Swager 0-0: Ball
1-0: Ball
2-0: Ball
3-0: Base on Balls
Heiichi Kida to second
Batting: RHB Maxwell Dormon 0-0: Foul Ball, location: 25F
0-1: Ball
1-1: Ball
2-1: DOUBLE (Line Drive, 89D, EV 99.4 MPH)
Johnny Spitz scores
Heiichi Kida scores
Owen Swager to third
Batting: RHB Nick Bethel 0-0: Swinging Strike
0-1: Ground out 6-3 (Groundball, 6, EV 85.0 MPH)
Batting: RHB Jürgen Kreis 0-0: Ball
1-0: Foul Ball, location: 3DF
1-1: Ball
2-1: Ball
3-1: SINGLE (Groundball, 4M, EV 103.8 MPH) (infield hit)
Owen Swager scores
Maxwell Dormon to third
Batting: SHB Brice Andersen 0-0: Ball
1-0: Called Strike
1-1: Fly out, F7 (Line Drive, 7LM, EV 97.5 MPH)
Bottom of the 1st over - 3 runs, 3 hits, 0 errors, 2 left on base; Boca Raton 0 - Buckeye 3
TOP OF THE 2ND
Boca Raton Buccaneers batting - Pitching for Buckeye Quahogs : RHP Dwight Parks
Batting: LHB Pablito De La Cruz 0-0: Called Strike
0-1: Swinging Strike
0-2: Ball
1-2: Strikes out swinging
Batting: RHB Frank Camilleri 0-0: Swinging Strike
0-1: Swinging Strike
0-2: Foul Ball, location: 9LSF
0-2: Foul Ball, location: 7LSF
0-2: Foul Ball, location: 2F
0-2: Foul Ball, location: 2F
0-2: Foul Ball, location: 3FF
0-2: Ball
1-2: Foul Ball, location: 5FF
1-2: Ball
2-2: Ball
3-2: Base on Balls
Batting: SHB Odin Lora 0-0: Called Strike
0-1: Fielders Choice at 2nd, 6-4 (Groundball, 6M, EV 90.0 MPH)
Batting: RHB Antony Olguin 0-0: Fly out, F8 (Flyball, 8LD, EV 99.4 MPH)
Top of the 2nd over - 0 runs, 0 hits, 0 errors, 1 left on base; Boca Raton 0 - Buckeye 3
BOTTOM OF THE 2ND
Buckeye Quahogs batting - Pitching for Boca Raton Buccaneers : LHP Jacob Gwynn
Batting: RHB Gerald Nourian 0-0: Called Strike
0-1: Fly out, F9 (Flyball, 9LM, EV 86.9 MPH)
Batting: RHB Johnny Spitz 0-0: Swinging Strike
0-1: Ball
1-1: Ball
2-1: SINGLE (Line Drive, 34, EV 100.0 MPH)
Batting: RHB Tim Gary 0-0: Ball
1-0: Ball
Johnny Spitz is caught stealing 2nd base 2-4
2-0: Foul Ball, location: 5DF
2-1: Swinging Strike
2-2: Ball
3-2: Foul Ball, location: 5FF
3-2: Base on Balls
Batting: RHB Heiichi Kida 0-0: Fly out, F9 (Line Drive, 9LM, EV 101.3 MPH)
Bottom of the 2nd over - 0 runs, 1 hit, 0 errors, 1 left on base; Boca Raton 0 - Buckeye 3
TOP OF THE 3RD
Boca Raton Buccaneers batting - Pitching for Buckeye Quahogs : RHP Dwight Parks
Batting: RHB Colón Aleman 0-0: Ball
1-0: Ball
2-0: Called Strike
2-1: Foul Ball, location: 2F
2-2: Ball
3-2: Strikes out swinging
Batting: RHB Kyler Wynn 0-0: Ball
1-0: Fly out, F5 (Line Drive, 56, EV 73.1 MPH)
Batting: LHB Scott Andrade 0-0: Called Strike
0-1: Ball
1-1: Ground out 4-3 (Groundball, 4M, EV 101.9 MPH)
Top of the 3rd over - 0 runs, 0 hits, 0 errors, 0 left on base; Boca Raton 0 - Buckeye 3
BOTTOM OF THE 3RD
Buckeye Quahogs batting - Pitching for Boca Raton Buccaneers : LHP Jacob Gwynn
Batting: RHB Owen Swager 0-0: SINGLE (Groundball, 34D, EV 100.6 MPH)
Batting: RHB Maxwell Dormon 0-0: Ball
1-0: Fielders Choice at 2nd, 3-6 (Groundball, 34S, EV 88.8 MPH)
Batting: RHB Nick Bethel 0-0: Fly out, F8 (Flyball, 8RS, EV 89.4 MPH)
Batting: RHB Jürgen Kreis 0-0: SINGLE (Line Drive, 56, EV 94.4 MPH)
Maxwell Dormon to second
Batting: SHB Brice Andersen 0-0: Fly out, F8 (Flyball, 8LD, EV 106.3 MPH)
Bottom of the 3rd over - 0 runs, 2 hits, 0 errors, 2 left on base; Boca Raton 0 - Buckeye 3
TOP OF THE 4TH
Boca Raton Buccaneers batting - Pitching for Buckeye Quahogs : RHP Dwight Parks
Batting: LHB Freddy McDonal 0-0: Swinging Strike
0-1: Ball
1-1: Ball
2-1: Ball
3-1: Base on Balls
Batting: RHB Artis Silas 0-0: Foul Ball, location: 7LSF
0-1: Swinging Strike
0-2: Strikes out swinging
Batting: LHB Pablito De La Cruz 0-0: Called Strike
0-1: Swinging Strike
0-2: Ball
1-2: Strikes out looking
Batting: RHB Frank Camilleri 0-0: Swinging Strike
0-1: Swinging Strike
0-2: Strikes out swinging
Top of the 4th over - 0 runs, 0 hits, 0 errors, 1 left on base; Boca Raton 0 - Buckeye 3
BOTTOM OF THE 4TH
Buckeye Quahogs batting - Pitching for Boca Raton Buccaneers : LHP Jacob Gwynn
Batting: RHB Gerald Nourian 0-0: Ground out 4-3 (Groundball, 4, EV 83.8 MPH)
Batting: RHB Johnny Spitz 0-0: Ball
1-0: Called Strike
1-1: Foul Ball, location: 9LMF
1-2: Ground out 1-3 (Groundball, 34S, EV 72.5 MPH)
Batting: RHB Tim Gary 0-0: Ball
1-0: Called Strike
1-1: Foul Ball, location: 9LDF
1-2: Strikes out swinging
Bottom of the 4th over - 0 runs, 0 hits, 0 errors, 0 left on base; Boca Raton 0 - Buckeye 3
TOP OF THE 5TH
Boca Raton Buccaneers batting - Pitching for Buckeye Quahogs : RHP Dwight Parks
Batting: SHB Odin Lora 0-0: Ball
1-0: Swinging Strike
1-1: Ball
2-1: Called Strike
2-2: Ball
3-2: Strikes out swinging passed ball, reaches first!
Batting: RHB Antony Olguin 0-0: Foul Ball, location: 2F
0-1: Ball
1-1: Sac Bunt to 13S - play at first, batter OUT! 1-3
Odin Lora to second
Batting: RHB Colón Aleman 0-0: Ball
Odin Lora steals 3rd base
1-0: Ball
2-0: Ball
3-0: Base on Balls
Batting: RHB Kyler Wynn 0-0: Called Strike
0-1: Foul Ball, location: 2F
0-2: Ball
1-2: Ball
2-2: Fly out, F4 (Line Drive, 4MD, EV 71.9 MPH)
Batting: LHB Scott Andrade 0-0: SINGLE (Popup, 5D, EV 58.8 MPH)
Odin Lora scores
Colón Aleman to second
Batting: LHB Freddy McDonal 0-0: Ball
1-0: Ball
2-0: Ground out 4-3 (Groundball, 4, EV 89.4 MPH)
Top of the 5th over - 1 run, 1 hit, 0 errors, 2 left on base; Boca Raton 1 - Buckeye 3
BOTTOM OF THE 5TH
Buckeye Quahogs batting - Pitching for Boca Raton Buccaneers : LHP Jacob Gwynn
Batting: RHB Heiichi Kida 0-0: Ball
1-0: Called Strike
1-1: Swinging Strike
1-2: Foul Ball, location: 9LSF
1-2: Foul Ball, location: 2F
1-2: Ball
2-2: Foul Ball, location: 2F
2-2: SINGLE (Line Drive, 9S, EV 97.5 MPH)
Batting: RHB Owen Swager 0-0: Ball
1-0: Called Strike
1-1: Ball
2-1: Ball
3-1: Base on Balls
Heiichi Kida to second
Batting: RHB Maxwell Dormon 0-0: Called Strike
Heiichi Kida steals 3rd base
0-1: Ball
1-1: Ball
2-1: Foul Ball, location: 9LDF
2-2: Fly out, F9 (Flyball, 9S, EV 88.1 MPH)
Batting: RHB Nick Bethel 0-0: Foul Ball, location: 2F
0-1: Swinging Strike
0-2: Ball
1-2: Foul Ball, location: 9LSF
1-2: Foul Ball, location: 9LMF
1-2: Ball
2-2: Ball
3-2: Base on Balls
Owen Swager to second
Batting: RHB Jürgen Kreis 0-0: Ball
1-0: Grounds into fielders choice 1-2 (Groundball, 15, EV 69.4 MPH)
Owen Swager to third
Nick Bethel to second
Batting: SHB Brice Andersen 0-0: Reached on error, E3 (Groundball, 34S, EV 91.3 MPH)
Owen Swager scores
Nick Bethel to third
Jürgen Kreis to second
Batting: RHB Gerald Nourian 0-0: Ball
1-0: Called Strike
1-1: Ball
2-1: Ball
3-1: Base on Balls
Nick Bethel scores
Jürgen Kreis to third
Brice Andersen to second
Batting: RHB Johnny Spitz 0-0: Called Strike
0-1: Called Strike
0-2: Ball
1-2: Strikes out swinging
Bottom of the 5th over - 2 runs, 1 hit, 1 error, 3 left on base; Boca Raton 1 - Buckeye 5
TOP OF THE 6TH
Boca Raton Buccaneers batting - Pitching for Buckeye Quahogs : RHP Dwight Parks
Pitching: RHP Tony Freiwald
Batting: RHB Artis Silas 0-0: Ball
1-0: Called Strike
1-1: Swinging Strike
1-2: Fly out, F8 (Flyball, 89XD, EV 103.1 MPH)
Batting: LHB Pablito De La Cruz 0-0: Ball
1-0: Ball
2-0: Ground out 4-3 (Groundball, 4, EV 103.8 MPH)
Batting: RHB Frank Camilleri 0-0: Fly out, F9 (Flyball, 9D, EV 109.4 MPH)
Top of the 6th over - 0 runs, 0 hits, 0 errors, 0 left on base; Boca Raton 1 - Buckeye 5
BOTTOM OF THE 6TH
Buckeye Quahogs batting - Pitching for Boca Raton Buccaneers : LHP Jacob Gwynn
Batting: RHB Tim Gary 0-0: Swinging Strike
0-1: Ball
1-1: Ball
2-1: Ball
3-1: Base on Balls
Batting: RHB Heiichi Kida 0-0: Swinging Strike
0-1: Foul Ball, location: 9LMF
0-2: Strikes out swinging
Batting: RHB Owen Swager 0-0: Ball
1-0: Fly out, F8 (Flyball, 8RD, EV 95.0 MPH)
Batting: RHB Maxwell Dormon 0-0: Called Strike
0-1: Ball
1-1: Ball
2-1: Foul Ball, location: 3DF
2-2: Strikes out looking
Bottom of the 6th over - 0 runs, 0 hits, 0 errors, 1 left on base; Boca Raton 1 - Buckeye 5
TOP OF THE 7TH
Boca Raton Buccaneers batting - Pitching for Buckeye Quahogs : RHP Tony Freiwald
Batting: SHB Odin Lora 0-0: Ball
1-0: Foul Ball, location: 2LF
1-1: Swinging Strike
1-2: Foul Ball, location: 23F
1-2: Strikes out swinging
Batting: RHB Antony Olguin 0-0: Ball
1-0: Ground out 5-3 (Groundball, 56, EV 86.3 MPH)
Batting: RHB Colón Aleman 0-0: Ball
1-0: Ground out 6-3 (Groundball, P, EV 81.9 MPH)
Top of the 7th over - 0 runs, 0 hits, 0 errors, 0 left on base; Boca Raton 1 - Buckeye 5
BOTTOM OF THE 7TH
Buckeye Quahogs batting - Pitching for Boca Raton Buccaneers : LHP Jacob Gwynn
Pitching: RHP Lance Stuart
Batting: RHB Nick Bethel 0-0: Called Strike
0-1: Ball
1-1: Ball
2-1: Fly out, F9 (Flyball, 9D, EV 98.1 MPH)
Batting: RHB Jürgen Kreis 0-0: Called Strike
0-1: Ball
1-1: Swinging Strike
1-2: Strikes out swinging
Batting: SHB Brice Andersen 0-0: Ball
1-0: Fly out, F9 (Flyball, 89S, EV 93.8 MPH)
Bottom of the 7th over - 0 runs, 0 hits, 0 errors, 0 left on base; Boca Raton 1 - Buckeye 5
TOP OF THE 8TH
Boca Raton Buccaneers batting - Pitching for Buckeye Quahogs : RHP Tony Freiwald
Batting: RHB Kyler Wynn 0-0: Ball
1-0: Fly out, F7 (Flyball, 7, EV 83.8 MPH)
Batting: LHB Scott Andrade 0-0: Ball
1-0: Ball
2-0: Fly out, F7 (Flyball, 7S, EV 93.8 MPH)
Batting: LHB Freddy McDonal 0-0: SINGLE (Line Drive, 9S, EV 105.6 MPH)
Batting: RHB Artis Silas 0-0: Ball
1-0: Ball
2-0: Ball
3-0: Base on Balls
Freddy McDonal to second
Batting: LHB Pablito De La Cruz 0-0: Ball
1-0: Called Strike
1-1: Fly out, F8 (Flyball, 89M, EV 86.9 MPH)
Top of the 8th over - 0 runs, 1 hit, 0 errors, 2 left on base; Boca Raton 1 - Buckeye 5
BOTTOM OF THE 8TH
Buckeye Quahogs batting - Pitching for Boca Raton Buccaneers : RHP Lance Stuart
Batting: RHB Gerald Nourian 0-0: Swinging Strike
0-1: Ball
1-1: Ball
2-1: Foul Ball, location: 2F
2-2: Strikes out looking
Batting: RHB Johnny Spitz 0-0: Swinging Strike
0-1: Foul Ball, location: 5F
0-2: Strikes out looking
Batting: RHB Tim Gary 0-0: Ball
1-0: Ball
2-0: Foul Ball, location: 9LMFF
2-1: Ball
3-1: Called Strike
3-2: Fly out, F7 (Flyball, 7, EV 95.0 MPH)
Bottom of the 8th over - 0 runs, 0 hits, 0 errors, 0 left on base; Boca Raton 1 - Buckeye 5
TOP OF THE 9TH
Boca Raton Buccaneers batting - Pitching for Buckeye Quahogs : RHP Tony Freiwald
Pitching: RHP Alejandro Alba
Pinch Hitting: LHB Bob Felty 0-0: Called Strike
0-1: Swinging Strike
0-2: Strikes out swinging
Pinch Hitting: SHB J P. Romo 0-0: Ball
1-0: Swinging Strike
1-1: Ball
2-1: Ball
3-1: Base on Balls
Pinch Hitting: LHB Andrew Weirich 0-0: Ball
1-0: Foul Ball, location: 2F
1-1: Ball
2-1: Foul Ball, location: 25FF
2-2: Ball
3-2: Foul Ball, location: 2F
3-2: Foul Ball, location: 2F
3-2: Strikes out swinging
Batting: RHB Colón Aleman 0-0: Ball
1-0: Swinging Strike
1-1: Foul Ball, location: 9LMF
1-2: Ball
2-2: Fly out, F9 (Flyball, 9, EV 88.1 MPH)
Top of the 9th over - 0 runs, 0 hits, 0 errors, 1 left on base; Boca Raton 1 - Buckeye 5
Saturday, June 1st , 2024 - OOTP Baseball 25.5 Build 67